AoeStats
← Magio.Yapito

Yucatan

513311101Analyzed
2v2 RM · 4d ago on Oct 13, 2026· 28m 8s· 4 players
Game mode
Random Map
Map size
Medium (4 player)
Population
200
Speed
Normal
Resources
Standard
Victory
Conquest
Starting age
Dark Age
Ending age
Imperial Age
RankedLock teamsTeams togetherTeam positionsShared explorationLock speedFull tech treeHidden civsTurbo modeCheats
Victory
Defeat
🇨🇴 Maya · Colombia
1337
+15
🇲🇽 Varangians · Mexico
1298
+16
vs
🇧🇷 Mongols · Brazil
1341
-17
🇧🇷 Saxons · Brazil
1280
-14
Mike
1:31 Loom
9:37 Feudal Age
13:16 Bloodlines
27:16 Castle Age
EDINHO
5:12 Loom
10:36 Feudal Age
15:04 Castle Age
13:26 Double-Bit Axe
16:16 Squires
16:01 Arson
23:25 Scale Mail Armor
Magio.Yapito
7:25 Loom
9:20 Feudal Age
10:15 Double-Bit Axe
12:33 Bloodlines
13:46 Bloodlines
14:55 Wheelbarrow
23:02 Castle Age
22:42 Scale Barding Armor
22:47 Forging
22:49 Man-at-Arms
23:53 Squires
23:39 Gambesons
24:01 Horse Collar
24:13 Long Swordsman
26:45 Arson
Magio.Scorpion
0:31 Loom
10:03 Feudal Age
14:17 Castle Age
12:12 Double-Bit Axe
14:42 Gold Mining
14:51 Fletching
14:45 Crossbowman
17:19 Wheelbarrow
19:38 Bodkin Arrow
21:34 Horse Collar
25:32 Padded Archer Armor
26:31 Bow Saw
26:22 Heavy Plow
Connection lost

Rejoining the realm…

Still unreachable

The connection could not be restored.

Session expired

The server has moved on; the page needs a fresh start.